 Dungeon Sprint DCSS version 0.24-a0-809-g71cb82dfb8 (webtiles) character file.

Game seed: 17562645009712069059, levelgen mode: deterministic

2960 MisterOstroum the Quickloader (level 9, -2/76 HPs)
             Began as a Gnoll Hunter on Oct 11, 2019.
             Was a Priest of Makhleb.
             Slain by Kusaorgho the pandemonium lord (5 damage)
             ... in the Dungeon (Sprint V: "Ziggurat Sprint").
             The game lasted 00:03:04 (464 turns).

MisterOstroum the Quickloader (Gnoll Hunter)         Turns: 464, Time: 00:03:05

Health: -2/76      AC: 30    Str: 32    XL:     9   Next: 81%
Magic:  21/21      EV: 14    Int: 14    God:    Makhleb [***...]
Gold:   0          SH:  0    Dex: 16    Spells: 24/24 levels left

rFire    . . .     SeeInvis +   D - +9 heavy crossbow "Sniper" {velocity, Acc+∞ SInv}
rCold    . . .     Gourm    .   (shield currently unavailable)
rNeg     . . .     Faith    .   E - +15 Maxwell's patent armour {-Cast -Tele rElec MR+ rCorr}
rPois    .         Spirit   .   (no helmet)
rElec    +         Reflect  .   (no cloak)
rCorr    +         Harm     .   N - +0 pair of gloves {Str+3}
MR       +....     NoTele   +   (no boots) Stlth ..........NoCast +
                                O - amulet of the acrobat
HPRegen  0.22/turn              F - +6 ring of strength
MPRegen  0.17/turn              G - +6 ring of strength

@: no status effects
A: distributed training, fangs 1, strong nose
a: Minor Destruction, Lesser Servant of Makhleb, Renounce Religion


You were in the Dungeon.
You worshipped Makhleb.
Makhleb was most pleased with you.
You were not hungry.

You visited 1 branch

Inventory:

Hand Weapons
 a - a +1 hand crossbow
 b - a +0 short sword
 D - the +9 heavy crossbow "Sniper" (weapon) {velocity, Acc+∞ SInv}
   (You found it in the Dungeon)

   Any bolt fired from it inflicts extra damage.
   It lets you see invisible.
 H - the +8 lance "Wyrmbane" {slay drac, rPois rF+ rC+ AC+3}
   (You found it in the Dungeon)

   It affects your AC (+3).
   It protects you from fire.
   It protects you from cold.
   It protects you from poison.
 I - the +6 shillelagh "Devastator" {shatter}
   (You found it in the Dungeon)
 J - the +8 storm bow {elec, penet}
   (You found it in the Dungeon)

   It charges the ammunition it shoots with electricity; occasionally upon a
   hit, such missiles may discharge and cause terrible harm.
   Ammo fired by it will pass through the targets it hits, potentially hitting
   all targets in its path until it reaches maximum range.
Missiles
 d - 1014 bolts (quivered)
 K - 1000 arrows
Armour
 c - a +0 leather armour
 E - the +15 Maxwell's patent armour (worn) {-Cast -Tele rElec MR+ rCorr}
   (You found it in the Dungeon)

   It insulates you from electricity.
   It affects your resistance to hostile enchantments.
   It prevents spellcasting.
   It prevents most forms of teleportation.
   It provides partial protection from all sources of acid and corrosion.
 L - a +5 crystal plate armour
 M - +5 gold dragon scales
 N - a +0 pair of gloves of strength (worn)
Jewellery
 x - an uncursed ring of flight
 B - a +6 ring of dexterity
 C - a +6 ring of dexterity
 F - a +6 ring of strength (left hand)
 G - a +6 ring of strength (right hand)
 O - an amulet of the acrobat (around neck)
Wands
 y - a wand of disintegration (7)
 z - a wand of iceblast (6)
 A - a wand of acid (7)
Scrolls
 k - 4 scrolls of blinking {@r4}
 r - 7 scrolls of fog
 s - a scroll of holy word
 t - 5 scrolls of identify
 u - 5 scrolls of remove curse
 v - 2 scrolls of fear
Potions
 f - 10 potions of curing {@q1 !q}
 g - 14 potions of heal wounds {@q2 !q}
 h - 6 potions of haste {@q4 !q}
 i - 7 potions of magic
 j - 3 potions of berserk rage
 l - 2 potions of brilliance
 m - 2 potions of invisibility
 n - 4 potions of resistance
 p - 5 potions of agility
 q - 5 potions of might
Miscellaneous
 w - a lightning rod (4/4)
Comestibles
 e - 7 rations


   Skills:
 + Level 9.3 Fighting
 + Level 8.0 Short Blades
 + Level 8.0 Long Blades
 + Level 8.0 Axes
 + Level 8.0 Maces & Flails
 + Level 8.0 Polearms
 + Level 8.0 Staves
 + Level 8.0 Slings
 + Level 8.0 Bows
 + Level 11.5 Crossbows
 + Level 8.0 Throwing
 + Level 8.0 Armour
 + Level 9.3 Dodging
 + Level 8.4 Stealth
 + Level 8.0 Shields
 + Level 8.0 Unarmed Combat
 + Level 8.0 Spellcasting
 + Level 6.6 Conjurations
 + Level 6.6 Hexes
 + Level 6.6 Charms
 + Level 6.6 Summonings
 + Level 6.6 Necromancy
 + Level 6.6 Translocations
 + Level 6.6 Transmutations
 + Level 6.6 Fire Magic
 + Level 6.6 Ice Magic
 + Level 6.6 Air Magic
 + Level 6.6 Earth Magic
 + Level 6.6 Poison Magic
 + Level 8.8 Invocations
 + Level 8.0 Evocations


You had 24 spell levels left.
You didn't know any spells.
Your spell library contained the following spells:

 Spells                   Type           Power        Failure   Level  Hunger
 Call Imp                 Summ           ###.....     9%          2    None
 Passwall                 Tmut/Erth      ###.....     9%          2    None
 Cause Fear               Hex            ###.......   50%         4    ####...
 Aura of Abjuration       Summ           ###.......   85%         5    #####..
 Silence                  Hex/Air        ###.......   85%         5    #####..
 Summon Mana Viper        Hex/Summ       ###.....     85%         5    #####..
 Yara's Violent Unravell  Hex/Tmut       ###.......   85%         5    #####..
 Deflect Missiles         Chrm/Air       ###.......   100%        6    #######
 Shadow Creatures         Summ           N/A          100%        6    #######
 Haunt                    Necr/Summ      ###.......   100%        7    #######
 Borgnjor's Revivificati  Necr           ###.......   100%        8    #######
 Death's Door             Chrm/Necr      ###.......   100%        8    #######
 Discord                  Hex            ###.......   100%        8    #######
 Infestation              Necr           ###.......   100%        8    #######
 Necromutation            Tmut/Necr      ###.......   100%        8    #######


Dungeon Overview and Level Annotations

Branches:
Dungeon (1/1)

Altars:
Ashenzari
Cheibriados
Dithmenos
Elyvilon
Fedhas
Gozag
Hepliaklqana
Kikubaaqudgha
Makhleb
Nemelex Xobeh
Okawaru
Qazlal
Ru
Sif Muna
Trog
Uskayaw
Vehumet
Wu Jian
Xom
Yredelemnul
Zin
The Shining One
Beogh
Jiyva
Lugonu

Annotations:
D 1 transporter


Innate Abilities, Weirdness & Mutations

Your experience applies equally to all skills.
You have very sharp teeth.
Your uncanny sense of smell can sniff out nearby items.


Message History

Firing (i - inventory)
d - 1013 bolts (quivered)
Press: ? - help, Shift-Dir - straight line, f/p - cyclops
Aim: a cyclops You shoot a bolt.
The bolt hits the cyclops!!!
The cyclops is severely wounded.
Firing (i - inventory)
d - 1012 bolts (quivered)
Press: ? - help, Shift-Dir - straight line, f/p - cyclops
Aim: a cyclops (severely wounded)
You shoot a bolt. The bolt hits the cyclops!!
You kill the cyclops!
Makhleb accepts your kill.
Your Short Blades skill increases to level 8!
Your Long Blades skill increases to level 8!
Your Axes skill increases to level 8!
Your Maces & Flails skill increases to level 8!
Your Polearms skill increases to level 8!
Your Staves skill increases to level 8!
Your Slings skill increases to level 8!
Your Bows skill increases to level 8!
Your Throwing skill increases to level 8!
Your Armour skill increases to level 8!
Your Shields skill increases to level 8!
Your Unarmed Combat skill increases to level 8!
Your Spellcasting skill increases to level 8!
Your Evocations skill increases to level 8!
d - 1013 bolts (gained 2)
Things that are here:
a cursed +0 giant club; a +0 dire flail; a two-headed ogre corpse
d - 1015 bolts (gained 2)
You see here a +0 giant spiked club.
d - 1016 bolts (gained 1)
Things that are here:
a +0 giant spiked club; a +0 giant club You see here an uncursed ring of protection from cold.
g - 14 potions of heal wounds {@q2 !q} (gained 4)
You see here the +5 great sword "Otzosois" {freeze, Int+2}.
You see here an uncursed amulet of the acrobat.
O - an uncursed amulet of the acrobat Wear which item? (? for menu, Esc to quit)
Okay, then.
Put on which piece of jewellery? (? for menu, Esc to quit)
Your injuries prevent the amulet from attuning itself.
O - an amulet of the acrobat (around neck)
There is a transporter here.
You start resting.
All of the chunks of flesh in your inventory have rotted away.
HP restored.
Your amulet attunes itself to your body.
You feel like doing cartwheels.
Unknown command.
Welcome to arena 4.
You enter the transporter and appear at another place. 2 white imps, an iron imp and a pandemonium lord come into view.
The white imp shouts!
Kusaorgho says, "I will feast on thy viscera!"
The white imp shouts, "Get thee gone, thou odious spur-galled gnoll-tail!"
The iron imp shouts, "Remove thy stench, thou frothy ill-breeding beggar!"
Found four items.
Found a transporter.
Firing (i - inventory)
d - 1016 bolts (quivered)
Press: ? - help, Shift-Dir - straight line, f - Kusaorgho
Aim: Kusaorgho, armed with a distorting touch
Okay, then.
Press: ? - help, v - describe, . - travel, g - get item
Here: Kusaorgho, armed with a distorting touch A +2 halberd of venom.
The floor.
Evoke which item? (* to show all) (? for menu, Esc to quit)
Aiming: Iceblast
Press: ? - help, Shift-Dir - straight line, f - Kusaorgho
Aim: Kusaorgho, armed with a distorting touch The mass of ice explodes!
The iceblast engulfs Kusaorgho but does no damage.
The iceblast engulfs the white imp!
The white imp partially resists.
You kill the white imp!
Makhleb accepts your kill.
You can now summon a lesser servant of Makhleb.
The iceblast engulfs the white imp!
The white imp partially resists.
You kill the white imp!
Makhleb accepts your kill.
The iceblast engulfs the iron imp!
The iron imp partially resists.
The iron imp is severely wounded.
Firing (i - inventory)
d - 1016 bolts (quivered)
Press: ? - help, Shift-Dir - straight line, f/p - Kusaorgho
Aim: Kusaorgho, armed with a distorting touch You shoot a bolt.
The bolt hits Kusaorgho!
Kusaorgho is lightly wounded.
Kusaorgho hits you but does no damage.
You feel a strange sense of stasis. Kusaorgho hits you but does no damage.
Space warps horribly around you!
Firing (i - inventory)
d - 1015 bolts (quivered)
Press: ? - help, Shift-Dir - straight line, f/p - Kusaorgho
Aim: Kusaorgho, armed with a distorting touch (lightly wounded)
You shoot a bolt.
The bolt hits Kusaorgho but does no damage.
Kusaorgho is lightly wounded.
Kusaorgho hits you!!!
Ouch! That really hurt!
* * * LOW HITPOINT WARNING * * *
You feel a strange sense of stasis. Kusaorgho closely misses you.
Kusaorgho hits you!
* * * LOW HITPOINT WARNING * * *
Space warps horribly around you.
You die...

▓..©..▓..©..▓▓▓▓▓▓▓
▓▓▓▓▓▓▓▓▓▓▓▓▓▓
▓..8©8...▓
▓..))=...▓ ∆∆∆
▓...)....▓ ∆ ∆
▓........▓
▓...5....▓ ∆
▓...&....▓ ∆
▓...@....▓
▓▓▓▓▓▓▓▓▓▓ ∆∆∆∆ ∆∆∆


You could see Kusaorgho and an iron imp.

Vanquished Creatures
  2 two-headed ogres (D)
  3 deep elf magi (D)
  A cyclops (D)
  An ogre (D)
  2 adders (D)
  2 white imps (D)
11 creatures vanquished.

Notes
Turn   | Place    | Note
-------+----------+-------------------------------------------
     0 | D        | MisterOstroum the Gnoll Hunter began the quest for the Orb.
     0 | D        | Reached XP level 1. HP: 20/20 MP: 1/1
     0 | D        | Found a shimmering blue altar of Sif Muna.
     0 | D        | Found a sacrificial altar of Ru.
     0 | D        | Found a bloodstained altar of Trog.
     0 | D        | Found a stormy altar of Qazlal.
     0 | D        | Found an iron altar of Okawaru.
     0 | D        | Found a sparkling altar of Nemelex Xobeh.
     0 | D        | Found a blossoming altar of Fedhas.
     1 | D        | Found the +6 Majin-Bo {vamp, Archmagi MP+6 Int+6}
     1 | D        | Found the +7 great mace "Firestarter" {inner flame, rF++}
     2 | D        | Found a transporter.
     2 | D        | Found an ancient bone altar of Kikubaaqudgha.
     2 | D        | Found a viscous altar of Jiyva.
     2 | D        | Found a corrupted altar of Lugonu.
     2 | D        | Found a hazy altar of Hepliaklqana.
     2 | D        | Found a burning altar of Makhleb.
     2 | D        | Found an opulent altar of Gozag.
    32 | D        | Found the +9 heavy crossbow "Sniper" {velocity, Acc+∞ SInv}
    32 | D        | Found the +10 dark maul {crush}
    32 | D        | Found the +15 Maxwell's patent armour {-Cast -Tele rElec
                  | MR+ rCorr}
    32 | D        | Found the +18 shield of the Gong {rElec rN+ MR+ EV-5}
    32 | D        | Found the cursed +14 obsidian axe {chop, +Fly SInv *Curse}
    34 | D        | Found the +6 shillelagh "Devastator" {shatter}
    34 | D        | Found the +11 plutonium sword {*Contam Stlth-}
    34 | D        | Found the +8 lance "Wyrmbane" {slay drac, rPois rF+ rC+
                  | AC+3}
    34 | D        | Found the +9 sword of Zonguldrok {reap}
    34 | D        | Found the cursed +13 scythe of Curses {drain, *Curse}
    34 | D        | Found the +0 sword of Power
    34 | D        | Found the +7 mace of Variability {chain chaos}
    34 | D        | Found the +7 Singing Sword {slice, sonic wave}
    34 | D        | Found the +8 storm bow {elec, penet}
    77 | D        | Became a worshipper of Makhleb the Destroyer
    82 | D        | Reached skill level 5 in Fighting
    82 | D        | Reached skill level 5 in Dodging
    82 | D        | Reached skill level 1 in Conjurations
    82 | D        | Reached skill level 1 in Hexes
    82 | D        | Reached skill level 1 in Charms
    82 | D        | Reached skill level 1 in Summonings
    82 | D        | Reached skill level 1 in Necromancy
    82 | D        | Reached skill level 1 in Translocations
    82 | D        | Reached skill level 1 in Transmutations
    82 | D        | Reached skill level 1 in Fire Magic
    82 | D        | Reached skill level 1 in Ice Magic
    82 | D        | Reached skill level 1 in Air Magic
    82 | D        | Reached skill level 1 in Earth Magic
    82 | D        | Reached skill level 1 in Poison Magic
    82 | D        | Reached XP level 2. HP: 27/27 MP: 1/5
   127 | D        | Entered arena 2.
   127 | D        | Found a transporter.
   129 | D        | Reached XP level 3. HP: 33/33 MP: 6/6
   143 | D        | Entered arena 3.
   143 | D        | Noticed a deep elf mage
   143 | D        | Noticed a deep elf mage
   143 | D        | Noticed a deep elf mage
   143 | D        | Found a transporter.
   146 | D        | Killed a deep elf mage
   146 | D        | Reached * piety under Makhleb
   146 | D        | Reached skill level 5 in Short Blades
   146 | D        | Reached skill level 5 in Long Blades
   146 | D        | Reached skill level 5 in Axes
   146 | D        | Reached skill level 5 in Maces & Flails
   146 | D        | Reached skill level 5 in Polearms
   146 | D        | Reached skill level 5 in Staves
   146 | D        | Reached skill level 5 in Slings
   146 | D        | Reached skill level 5 in Bows
   146 | D        | Reached skill level 10 in Crossbows
   146 | D        | Reached skill level 5 in Throwing
   146 | D        | Reached skill level 5 in Armour
   146 | D        | Reached skill level 5 in Stealth
   146 | D        | Reached skill level 5 in Shields
   146 | D        | Reached skill level 5 in Unarmed Combat
   146 | D        | Reached skill level 5 in Spellcasting
   146 | D        | Reached skill level 5 in Invocations
   146 | D        | Reached skill level 5 in Evocations
   146 | D        | Reached XP level 4. HP: 20/43 MP: 7/11
   146 | D        | Reached XP level 5. HP: 22/48 MP: 7/12
   146 | D        | Reached XP level 6. HP: 26/55 MP: 7/13
   146 | D        | Reached XP level 7. HP: 28/60 MP: 7/14
   147 | D        | Killed a deep elf mage
   149 | D        | Killed a deep elf mage
   149 | D        | Reached skill level 5 in Conjurations
   149 | D        | Reached skill level 5 in Hexes
   149 | D        | Reached skill level 5 in Charms
   149 | D        | Reached skill level 5 in Summonings
   149 | D        | Reached skill level 5 in Necromancy
   149 | D        | Reached skill level 5 in Translocations
   149 | D        | Reached skill level 5 in Transmutations
   149 | D        | Reached skill level 5 in Fire Magic
   149 | D        | Reached skill level 5 in Ice Magic
   149 | D        | Reached skill level 5 in Air Magic
   149 | D        | Reached skill level 5 in Earth Magic
   149 | D        | Reached skill level 5 in Poison Magic
   149 | D        | Reached XP level 8. HP: 32/68 MP: 8/17
   168 | D        | Got the Disquisition on Stones and the Entourage
   315 | D        | Entered arena 4.
   315 | D        | Noticed a two-headed ogre
   315 | D        | Noticed a cyclops
   315 | D        | Noticed a two-headed ogre
   315 | D        | Found a transporter.
   316 | D        | Killed a two-headed ogre
   316 | D        | Reached ** piety under Makhleb
   316 | D        | Reached skill level 11 in Crossbows
   316 | D        | Reached XP level 9. HP: 75/75 MP: 17/19
   318 | D        | Killed a two-headed ogre
   320 | D        | Killed a cyclops
   461 | D        | Entered arena 5.
   461 | D        | Noticed Kusaorgho the pandemonium lord
   461 | D        | Found a transporter.
   462 | D        | Reached *** piety under Makhleb
   464 | D        | HP: 3/76 [Kusaorgho the pandemonium lord (13)]
   464 | D        | Slain by Kusaorgho the pandemonium lord

Levels and vault maps discovered:
D:        sprint_v [room_start, room_1, room_2, room_3, room_4, room_5, room_6,
          room_7, room_8, room_9, room_10, room_11, room_12, room_13, room_14,
          room_15, room_16, room_17, room_18, room_19, room_20, room_21,
          room_22, room_23, room_24, room_25, room_26, room_27]

Skill      XL: |  1  2  3  4  5  6  7  8  9 |
---------------+----------------------------+-----
Fighting       | 5 7 8 9 |  9.3
Short Blades   | 2 5 6 7 8 |  8.0
Long Blades    | 2 5 6 7 8 |  8.0
Axes           | 2 5 6 7 8 |  8.0
Maces & Flails | 2 5 6 7 8 |  8.0
Polearms       | 2 5 6 7 8 |  8.0
Staves         | 2 5 6 7 8 |  8.0
Slings         | 2 5 6 7 8 |  8.0
Bows           | 2 5 6 7 8 |  8.0
Throwing       | 2 5 6 7 8 |  8.0
Armour         | 2 5 6 7 8 |  8.0
Dodging        | 5 7 8 9 |  9.3
Stealth        | 3 5 7 8 |  8.4
Shields        | 2 5 6 7 8 |  8.0
Unarmed Combat | 2 5 6 7 8 |  8.0
Spellcasting   | 2 5 6 7 8 |  8.0
Conjurations   | 1 2 4 5 6 |  6.6
Hexes          | 1 2 4 5 6 |  6.6
Charms         | 1 2 4 5 6 |  6.6
Summonings     | 1 2 4 5 6 |  6.6
Necromancy     | 1 2 4 5 6 |  6.6
Translocations | 1 2 4 5 6 |  6.6
Transmutations | 1 2 4 5 6 |  6.6
Fire Magic     | 1 2 4 5 6 |  6.6
Ice Magic      | 1 2 4 5 6 |  6.6
Air Magic      | 1 2 4 5 6 |  6.6
Earth Magic    | 1 2 4 5 6 |  6.6
Poison Magic   | 1 2 4 5 6 |  6.6
Invocations    | 2 5 7 8 |  8.8
Evocations     | 2 5 6 7 8 |  8.0
Crossbows      | 10 11 | 11.5

Action                   |  1- 3 |  4- 6 |  7- 9 || total
-------------------------+-------+-------+-------++-------
 Fire: Heavy crossbow    |     5 |       |    10 ||    15
Evoke: Wand              |       |       |     1 ||     1
  Use: Potion            |     1 |       |       ||     1
Armor: Plate armour      |     2 |       |     6 ||     8
Dodge: Dodged            |     2 |       |     5 ||     7

Table legend:
 A = Non-vault XP
 B = Vault XP
 C = Vault XP percentage of total XP
 D = Non-vault monster count
 E = Vault monster count
 F = Vault count percentage of total count
                 A         B        C        D         E       F
            +---------+---------+-------+---------+---------+-------
      Total |       0 |    4219 | 100.0 |       0 |      11 | 100.0
            +---------+---------+-------+---------+---------+-------
          D |       0 |    4219 | 100.0 |       0 |      11 | 100.0
            +---------+---------+-------+---------+---------+-------
